Unix NetHack Version 5.0.0-0 post-release - last build May 23 2026 06:08:33 (1c0ff79ee797540d5714e4e18072db0edd9e58ae,branch:main).

Game began 2026-05-30 00:08:05, ended 2026-05-30 00:22:29.

DaveT, lawful male human Priest

                ----    ----      ---            ------ ---
                |..--  --..----  --.--         ---.--.---.--         ----
     --- ----  --...----......-- |...|        --..)....|...|         |..|
     |.---..-- |...............---...|        |........%...|         |..-----
     |.......| --......--.|..........--       --......<....----      |....|.--
    --......-| --.....-|-----.........|        |..............| ---- |.......|
   --........| |.......--   |-........| #      --.............---..| |.......|
  --.........----.......|----.......oo###o@)##` |..........--......--|.-.....--
 --............--.......--.|..........|       ` ---........||.......-|........|
--........`.........................##-        *###.......-|---......|.....(.--
|...............^..>...............##         #-###........-----.|..-|.|....--
--....---...................|......|         -#..|#[`..........------|.|--..|
 |....--|............---.|.---....-|  -#--   |...# |-..............---.| |..|
 |......|.........|..| ----- --....|  #..#-# ##..-##.....%....)..|.....------
 ---.--.--.--.|.------        --..-- --....# #......#-..--......-----....|
   ---|..-----------------------------.....#---.....#----|.....%)---.....|
      |.............^................^.....`.......--    |.....-%[)....---
      -------------------------------*...|.........|     --.....----...|
                                    ---.---.|...----      |....--  --..|
                                      --- ----..|         ---..|    |..|
                                             ----           ----    ----
DaveT the Adept              St:14 Dx:13 Co:14 In:10 Wi:18 Ch:9  Lawful
Dlvl:4  $:133 HP:0(46) Pw:55(55) AC:3  Xp:6 T:3203  Burdened

Latest messages:
 The Uruk-hai hits!
 The poisoned crude arrow hits the Uruk-hai.
 The poison doesn't seem to affect the Uruk-hai.
 The Uruk-hai swings her crude bow.
 The Uruk-hai hits!
 The Uruk-hai swings her crude bow.
 The Uruk-hai hits!
 The Uruk-hai shoots 2 poisoned crude arrows!
 It is hit.
 It is missed.
 It is missed.
 The 2nd poisoned crude arrow misses the Uruk-hai.
 The 2nd poisoned crude arrow misses you.
 The Uruk-hai swings her crude bow.
 The Uruk-hai hits!
 The Uruk-hai shoots 2 poisoned crude arrows!
 It is missed.
 It is missed.
 The 1st poisoned crude arrow hits the Uruk-hai!
 The poison doesn't seem to affect the Uruk-hai.
 It is hit.
 It is destroyed!
 The Uruk-hai shoots 2 poisoned crude arrows!
 It is hit.
 It is hit.
 The Uruk-hai swings her crude bow.
 The Uruk-hai hits!
 The Uruk-hai shoots 2 poisoned crude arrows!
 It is missed.
 The 1st poisoned crude arrow hits the Uruk-hai!
 The poison doesn't seem to affect the Uruk-hai.
 It is hit.
 The Uruk-hai swings her crude bow.
 The Uruk-hai hits!
 The Uruk-hai shoots 2 poisoned crude arrows!
 It is hit!
 It is destroyed!
 It is missed.
 The 2nd poisoned crude arrow hits the Uruk-hai.
 The poison doesn't seem to affect the Uruk-hai.
 The Uruk-hai is killed!
 The Uruk-hai picks up a blessed poisoned crude arrow.
 The Uruk-hai shoots a poisoned crude arrow!
 The poisoned crude arrow hits the Uruk-hai.
 The poison doesn't seem to affect the Uruk-hai.
 The Uruk-hai thrusts her crude short sword.
 The Uruk-hai hits!
 You die...
 Do you want your possessions identified? [ynq] (y) y
 Do you want to see your attributes? [ynq] (y) q

Inventory:
 Coins    ('$')
  $ - 133 gold pieces
 Weapons  (')')
  J - 5 blessed +2 arrows
  j - 4 +0 arrows (in quiver)
  C - a +0 dart
  L - 4 +0 daggers
  K - a +0 elven dagger
  E - a +0 aklys
  a - a blessed +1 mace (weapon in right hand)
  o - a +0 silver mace
 Armor    ('[')
  t - a +0 orcish helm (being worn)
  c - a +0 small shield (being worn)
  i - a +0 cloak of displacement
  b - a +0 robe (being worn)
  w - a blessed +0 studded leather armor (being worn)
 Comestibles  ('%')
  e - a clove of garlic
  x - a fortune cookie
  f - a sprig of wolfsbane
 Scrolls  ('?')
  F - a scroll of remove curse
  A - a scroll of teleportation
  G - a cursed scroll of teleportation
 Spellbooks  ('+')
  k - a spellbook of detect food
  g - a spellbook of healing
  h - a spellbook of light
 Potions  ('!')
  d - 4 potions of holy water
 Tools    ('(')
  N - a lock pick
  r - a mirror
  M - a +0 pick-axe

DaveT the Priest's attributes:

Background:
 You were an Adept, a level 6 human Priest.
 You were lawful, nominally on a mission for Mitra
 who was opposed by Crom (neutral) and Set (chaotic).
 You were right-handed.
 You were in the Gnomish Mines, on level 4.
 You entered the dungeon 3203 turns ago.
 It was the midnight hour.
 You had 424 experience points, 216 more were needed to attain level 7.

Basics:
 You had 0 out of 46 hit points.
 You had all 55 energy points (spell power).
 Your armor class was 3.
 Your wallet contained 133 zorkmids.
 Autopickup was off.

Final Characteristics:
 Your strength was 14 (limit:18/100).
 Your dexterity was 13 (limit:18).
 Your constitution was 14 (limit:18).
 Your intelligence was 10 (limit:18).
 Your wisdom was 18 (limit:18).
 Your charisma was 9 (limit:18).

Final Status:
 You weren't hungry.
 You were burdened; movement was slightly slowed.
 You were wielding a mace.
 You were skilled in mace.

Final Attributes:
 You were devoutly aligned.
 You were telepathic.
 You were guarded.
 Your spell casting was enhanced by wearing a robe.
 You are dead.

Miscellaneous:
 You encountered 1 bones level.
 Total elapsed playing time was 14 minutes and 24 seconds.

Major events:
 Turn
    1: DaveT the lawful human Priest entered the dungeon
  556: entered the Gnomish Mines
 1439: attained the rank of Acolyte (level 3)
 2692: attained the rank of Adept (level 6)
 3203: killed by an Uruk-hai, while frozen by a floating eye's gaze

Spells:
 Name                 Level Category     Fail Retention
 healing                1   healing        0%  76%-100%
 light                  1   clerical       0%   81%-90%

Skills:
 Fighting Skills
   bare handed combat [Unskilled]
 Weapon Skills
   club               [Unskilled]
   mace               [Skilled]
   morning star       [Unskilled]
   flail              [Unskilled]
   hammer             [Unskilled]
   quarterstaff       [Unskilled]
   polearms           [Unskilled]
   spear              [Unskilled]
   trident            [Unskilled]
   lance              [Unskilled]
   bow                [Unskilled]
   sling              [Unskilled]
   crossbow           [Unskilled]
   dart               [Unskilled]
   shuriken           [Unskilled]
   boomerang          [Unskilled]
   unicorn horn       [Unskilled]
 Spellcasting Skills
   healing spells     [Unskilled]
   divination spells  [Unskilled]
   clerical spells    [Basic]

Voluntary challenges:
 Character rerolling was not enabled.
 You were an atheist.
 You never genocided any monsters.
 You never polymorphed an object.
 You never changed form.
 You used no wishes.
Achievements:
 You entered the Gnomish Mines.
 You attained the rank of Acolyte.
 You attained the rank of Adept.

 The Dungeons of Doom: levels 1 to 6
    Level 1:
       A fountain.
    Level 2:
       Some fountains.
       Stairs down to The Gnomish Mines.
    Level 3: "vault, door inu S"
       A fountain.
    Level 4:
    Level 5:
       Many fountains, a grave.
       Final resting place for
          d4AtWerk-Mon-Hum-Mal-Cha, killed by falling down a mine shaft.
    Level 6:
 The Gnomish Mines: levels 3 to 4
    Level 3:
    Level 4: <- You were here.
       Final resting place for
          you, killed by an Uruk-hai, while frozen by a floating eye's gaze.


Vanquished creatures:
  a ghost
  3 Uruk-hai
  a shrieker
  2 gnome leaders
  a gnomish wizard
  a baby crocodile
  2 giant ants
  2 floating eyes
  a dwarf
  a rothe
  a giant bat
  a monkey
  4 dwarf zombies
  a werejackal
 an iguana
 an acid blob
  3 coyotes
  a gas spore
  a hobbit
  2 manes
  a large kobold
  2 hobgoblins
  4 giant rats
  a yellow mold
 13 gnomes
  3 garter snakes
  2 geckos
  5 jackals
  2 foxes
  5 sewer rats
  3 grid bugs
  5 bats
  a lichen
  a kobold zombie
 11 newts
90 creatures vanquished.

No species were genocided or became extinct.

Game over:
                       ----------
                      /          \
                     /    REST    \
                    /      IN      \
                   /     PEACE      \
                  /                  \
                  |      DaveT       |
                  |      133 Au      |
                  |   killed by an   |
                  |     Uruk-hai     |
                  |                  |
                  |                  |
                  |       2026       |
                 *|     *  *  *      | *
        _________)/\\_//(\/(/\)/\//\/|_)_______

Goodbye DaveT the Priest...

You died in The Gnomish Mines on dungeon level 4 with 2136 points,
and 133 pieces of gold, after 3203 moves.
You were level 6 with a maximum of 46 hit points when you died.

